AoeStats
← Kevin Fuquen

Arabia

504604207Analyzed
3v3 RM · 26d ago on Sep 5, 2026· 51m 17s· 6 players
Game mode
Random Map
Map size
Normal (6 player)
Population
200
Speed
Normal
Resources
Standard
Victory
Conquest
Starting age
Dark Age
Ending age
Imperial Age
RankedLock teamsTeams togetherTeam positionsShared explorationLock speedFull tech treeHidden civsTurbo modeCheats
Victory
Defeat
🇨🇳 Armenians · China
927
+17
🇨🇴 Franks · Colombia
908
+48
🇺🇸 Dravidians · United States
899
+18
🇷🇺 Maya · Russia
948
-18
🇷🇺 Spanish · Russia
947
-53
🇵🇱 Shu · Poland
919
-16
Yo$hum1
10:11 Feudal Age
10:37 Double-Bit Axe
10:37 Horse Collar
14:10 Wheelbarrow
15:50 Gold Mining
16:58 Town Watch
18:11 Forging
18:02 Scale Mail Armor
17:55 Loom
22:33 Castle Age
24:20 Hand Cart
24:07 Heavy Plow
24:19 Bow Saw
27:27 Eagle Warrior
28:08 Squires
28:51 Iron Casting
28:32 Chain Mail Armor
29:06 Stone Mining
29:59 Pikeman
30:53 Thumb Ring
30:51 Padded Archer Armor
32:08 Fletching
32:35 Leather Archer Armor
33:37 Elite Skirmisher
39:06 Hul'che Javelineers
39:44 Town Patrol
39:44 Bodkin Arrow
43:29 Imperial Age
45:07 Conscription
45:19 Holcans
46:18 Two-Man Saw
46:41 Elite Eagle Warrior
48:29 Hul'che Javelineers
50:27 Blast Furnace
50:03 Bracer
49:28 Elite Plumed Archer
Newby
11:39 Feudal Age
16:15 Castle Age
15:17 Double-Bit Axe
16:20 Horse Collar
17:39 Bow Saw
19:16 Horse Collar
22:10 Stone Mining
23:06 Wheelbarrow
25:02 Forging
25:13 Heavy Plow
26:29 Stone Shaft Mining
26:40 Bloodlines
29:19 Gold Mining
30:16 Husbandry
30:55 Hand Cart
32:19 Scale Mail Armor
32:55 Iron Casting
34:50 Caravan
38:22 Imperial Age
37:55 Murder Holes
38:20 Ballistics
38:12 Masonry
40:20 Blast Furnace
39:36 Chain Mail Armor
41:24 Conscription
42:47 Elite Conquistador
47:50 Scale Barding Armor
48:15 Plate Mail Armor
47:12 Cavalier
48:56 Paladin
50:07 Chain Barding Armor
Malar
3:19 Loom
5:45 Loom
10:06 Feudal Age
10:38 Double-Bit Axe
10:44 Horse Collar
17:28 Fletching
22:09 Castle Age
22:58 Wheelbarrow
21:55 Man-at-Arms
22:20 Crossbowman
22:27 Pikeman
23:12 Bodkin Arrow
23:21 Gambesons
23:55 Padded Archer Armor
24:06 Forging
25:21 Squires
26:06 Thumb Ring
26:15 Man-at-Arms
29:13 Stone Mining
29:19 Gold Mining
32:03 Hand Cart
37:48 Imperial Age
35:33 Scale Mail Armor
36:27 Ballistics
36:46 Chain Mail Armor
37:03 Coiled Serpent Array
40:01 Chemistry
38:27 Arbalester
39:14 Bracer
39:31 Leather Archer Armor
40:31 Bow Saw
42:51 Halberdier
47:07 Guilds
47:53 Ring Archer Armor
vladimir
1:38 Loom
11:26 Feudal Age
12:13 Double-Bit Axe
12:49 Horse Collar
14:16 Wheelbarrow
19:01 Fletching
23:22 Castle Age
22:42 Town Watch
24:11 Bodkin Arrow
24:16 Padded Archer Armor
26:15 Hand Cart
26:37 Bow Saw
25:55 Elite Skirmisher
29:53 Leather Archer Armor
29:49 Stone Mining
31:50 Ballistics
32:42 Guard Tower
34:52 Medical Corps
42:20 Imperial Age
42:47 Thumb Ring
43:02 Bracer
43:33 Ring Archer Armor
43:50 Hoardings
43:36 Conscription
46:42 Chemistry
46:19 Keep
45:40 Murder Holes
45:58 Forging
47:27 Wootz Steel
48:10 Elite Elephant Archer
YangBeta^30
12:29 Feudal Age
13:04 Loom
13:13 Double-Bit Axe
17:03 Castle Age
15:41 Stone Mining
25:11 Fletching
25:22 Padded Archer Armor
26:46 Bodkin Arrow
28:15 Leather Archer Armor
29:25 Gold Mining
29:46 Bow Saw
29:22 Horse Collar
30:55 Ballistics
35:06 Imperial Age
32:56 Scale Mail Armor
33:07 Forging
32:52 Man-at-Arms
33:18 Gambesons
33:33 Squires
33:19 Arson
33:57 Chain Mail Armor
34:44 Wheelbarrow
33:43 Long Swordsman
35:11 Iron Casting
34:38 Two-Handed Swordsman
35:41 Champion
36:29 Elite Composite Bowman
38:32 Ring Archer Armor
38:03 Bracer
39:04 Fereters
42:44 Blast Furnace
42:15 Plate Mail Armor
48:26 Chemistry
Kevin Fuquen
0:39 Loom
16:28 Feudal Age
16:44 Man-at-Arms
19:53 Wheelbarrow
19:13 Town Watch
21:53 Forging
22:54 Scale Mail Armor
23:39 Padded Archer Armor
35:10 Fletching
37:26 Castle Age
38:33 Gambesons
39:11 Long Swordsman
44:02 Murder Holes
44:28 Ballistics
46:36 Guard Tower
47:48 Masonry
47:24 Crossbowman
Connection lost

Rejoining the realm…

Still unreachable

The connection could not be restored.

Session expired

The server has moved on; the page needs a fresh start.